 Dungeon Sprint DCSS version 0.31.0-12-g77e489cdc1 (webtiles) character file.

Game seed: 10824647089487006225

7 Heoruswealwe the Covered (level 1, -6/20 HPs)
             Began as a Minotaur Fighter on Mar 4, 2024.
             Mangled by an ogre
             ... wielding a +0 giant spiked club
              (26 damage)
             ... in the Dungeon (Sprint IX: "|||||||||||||||||||||||||||||").
             The game lasted 00:00:15 (38 turns).

Heoruswealwe the Covered (Minotaur Fighter)           Turns: 38, Time: 00:00:15

Health: -6/20      AC:  7    Str: 20    XL:     1   Next: 91%
Magic:  0/0        EV:  9    Int:  5    God:
Gold:   0          SH:  4    Dex:  9    Spells: 0/0 levels left

rFire   . . .        a - +0 trident
rCold   . . .        d - +0 buckler
rNeg    . . .        c - +0 scale mail
rPois   .            (helmet restricted)
rElec   .            (no cloak)
rCorr   .            (no gloves)
SInv    .            (no boots)
Will    .....        (no amulet) Stlth
                     (no ring)
HPRegen 0.23/turn    (no ring)
MPRegen 0.07/turn

%: no teleportation
@: no status effects
A: horns 2, retaliatory headbutt
a: no special abilities


You were in the Dungeon.
You visited 1 branch

Inventory:

Hand Weapons
 a - a +0 trident (weapon)
Armour
 c - a +0 scale mail (worn)
 d - a +0 buckler (worn)
Scrolls
 j - a scroll of blinking
Potions
 b - a potion of might
 e - a potion of curing
 f - a potion of heal wounds
 g - a potion of haste
 h - 2 potions of magic
 i - a potion of berserk rage


   Skills:
 + Level 4.3 Fighting
 * Level 4.1 Polearms
 + Level 4.3 Armour
 - Level 3.6 Shields


You couldn't memorise any spells.
You didn't know any spells.
Your spell library was empty.

Dungeon Overview and Level Annotations

Branches:
Dungeon (1/1)

Altars:


Innate Abilities, Weirdness & Mutations

You have a pair of horns on your head.
You reflexively headbutt those who attack you in melee.


Message History

The hobgoblin is heavily wounded.
The hobgoblin hits you but does no damage.
You completely miss the hobgoblin. Your headbutt misses the hobgoblin.
The hobgoblin is heavily wounded.
The hobgoblin closely misses you.
You hit the hobgoblin. Your headbutt misses the hobgoblin.
The hobgoblin is severely wounded.
You block the hobgoblin's attack. The hobgoblin hits you.
You hit the hobgoblin but do no damage.
The hobgoblin is severely wounded.
The hobgoblin hits you.
You hit the hobgoblin.
You kill the hobgoblin!
You closely miss the hobgoblin. You headbutt the hobgoblin.
You kill the hobgoblin!
The quokka bites you but does no damage.
The quokka completely misses you.
Things that are here:
a hobgoblin corpse; a hobgoblin corpse You barely miss the quokka.
Your headbutt misses the quokka. The quokka barely misses you.
You closely miss the quokka. The quokka barely misses you.
You completely miss the quokka. You block the quokka's attack.
The quokka bites you.
You hit the quokka.
You kill the quokka!
Your Polearms skill increases to level 4!
You see here a quokka corpse.
You start resting.
HP restored.
You open the door.
An ogre, 2 ice beasts, a hound and an orc priest come into view.
The orc priest is wielding a +3 flail of holy wrath.
The ogre shouts!
The hound barks!
The orc priest shouts!
The orc priest looks encouraged for a moment.
You puncture the ogre! You headbutt the ogre.
The ogre is moderately wounded.
The ogre hits you with a +0 giant spiked club!!
Ouch! That really hurt!
You die...

▓.▓
▓.▓
▓.▓
▓'▓
▓†▓
▓†▓
▓.▓
▓.▓
▓@▓
▓O▓
▓Y▓
▓.▓
▓Y▓
▓h▓
▓o▓
▓+▓


You could see 2 ice beasts, an ogre, a hound and an orc priest.

Vanquished Creatures
  A dart slug (D)
  2 hobgoblins (D)
  A quokka (D)
  A rat (D)
5 creatures vanquished.

Notes
Turn   | Place    | Note
-------+----------+-------------------------------------------
     0 | D        | Heoruswealwe the Minotaur Fighter began the quest for the
                  | Orb.
     0 | D        | Reached XP level 1. HP: 19/19 MP: 0/0
    37 | D        | Noticed an ogre
    37 | D        | Noticed an ice beast
    37 | D        | Noticed an ice beast
    37 | D        | Noticed a hound
    37 | D        | Noticed an orc priest
    38 | D        | Mangled by an ogre

Illustrated notes

Levels and vault maps discovered:
D:        linesprint [early_d, line_temple, items_1, d_10, items_2, lair_1,
          lair_end, items_3, orc_1, orc_end, items_4, d_15, swamp_1, shoals_1,
          snake_1, spider_1, d_20, vaults_1, items_5, swamp_end, shoals_end,
          snake_end, spider_end, vaults_end, d_27, items_6, zot_1, zot_end,
          crypt_end, forest_end, elf_end, slime_end, tomb_end, abyss_end,
          pan_hell_end]

Skill      XL: |  1 |
---------------+----+-----
Fighting       | 4 |  4.3
Polearms       | 4 |  4.1
Armour         | 4 |  4.3
Shields        | |  3.6

Action                     || total
---------------------------++-------
  Melee: Trident           ||    17
         Headbutt          ||     3
 Armour: Scale mail        ||     8
  Dodge: Dodged            ||     6
  Block: Buckler           ||     3
